 Dungeon Crawl Stone Soup version 0.27.1 (webtiles) character file.

Game seed: 10004808849771980932

960 ZARRMARR the Cudgeller (level 7, -7/58 HPs)
             Began as a Palentonga Fighter on Aug 23, 2021.
             Killed from afar by a steam dragon (8 damage)
             ... with a ball of steam
             ... on level 5 of the Dungeon.
             The game lasted 00:24:09 (8080 turns).

ZARRMARR the Cudgeller (Palentonga Fighter)         Turns: 8080, Time: 00:24:12

Health: -7/58      AC: 22    Str: 21    XL:     7   Next: 92%
Magic:  7/7        EV:  6    Int:  8    God:
Gold:   409        SH:  9    Dex: 10    Spells: 6/6 levels left

rFire    . . .     SeeInvis +   p - +0 flail (protect)
rCold    . . .     Faith    .   c - +0 kite shield
rNeg     . . .     Spirit   .   b - +0 scale mail
rPois    .         Reflect  .   (no helmet)
rElec    .         Harm     .   k - +0 cloak
rCorr    .         Rampage  .   (no gloves)
Will     .....                  (no barding)
Stlth    ..........             (no amulet)
HPRegen  0.19/turn              (no ring)
MPRegen  0.10/turn              (no ring)

@: under a protective aura, curled up
A: large, rugged brown scales 3, see invisible, deformed body, roll 1, armoured
tail, reflexive curl
a: Rolling Charge


You were on level 5 of the Dungeon.
You visited 1 branch of the dungeon, and saw 5 of its levels.
You also visited: Ossuary.

You collected 431 gold pieces.
You spent 22 gold pieces at shops.

Inventory:

Hand Weapons
 p - a +0 flail of protection (weapon)
Missiles
 g - 14 poisoned darts (quivered)
Armour
 b - a +0 scale mail (worn)
 c - a +0 kite shield (worn)
 k - a +0 cloak (worn)
Magical Staves
 i - a staff of fire
Jewellery
 j - a ring of fire
Wands
 q - a wand of paralysis (3)
Scrolls
 a - 2 scrolls of summoning {unknown}
 d - a scroll of vulnerability
 e - a scroll of amnesia
 f - 2 scrolls of magic mapping
 u - a scroll of teleportation
 w - a scroll of brand weapon {unknown}
Potions
 h - a potion of invisibility {unknown}
 l - 2 potions of degeneration {unknown}
 m - 4 potions of curing {unknown}
 n - 2 potions of ambrosia {unknown}
 o - 2 potions of lignification {unknown}
 r - a potion of attraction {unknown}
 s - 3 potions of brilliance {unknown}
 t - 2 potions of flight {unknown}
 v - a potion of mutation {unknown}


   Skills:
 + Level 4.4 Fighting
 + Level 5.7 Maces & Flails
 + Level 4.5 Armour
 + Level 1.7 Dodging
 + Level 3.9 Shields


You had 6 spell levels left.
You didn't know any spells.
Your spell library contained the following spells:

 Spells                   Type           Power      Damage    Failure   Level
 Animate Skeleton         Necr           0%         N/A       98%         1
 Apportation              Tloc           0%         N/A       98%         1
 Corona                   Hex            0%         N/A       98%         1
 Freeze                   Ice            0%         1d3       98%         1
 Summon Small Mammal      Summ           0%         N/A       98%         1
 Frozen Ramparts          Ice            0%         1d2       100%        3
 Gell's Gravitas          Tloc           0%         N/A       100%        3
 Lesser Beckoning         Tloc           0%         N/A       100%        3
 Teleport Other           Tloc           0%         N/A       100%        3
 Hailstorm                Conj/Ice       0%         3d3       100%        4


Dungeon Overview and Level Annotations

Branches:
Dungeon (5/15)            Ossuary (visited)
 Temple: D:4-7

Altars:
Cheibriados
Kikubaaqudgha
Trog
Uskayaw

Shops:
D:1 *


Innate Abilities, Weirdness & Mutations

You are completely covered in rugged brown scales. (AC +3, +7% HP)
You have supernaturally acute eyesight. (SInv)
Armour fits poorly on your strangely shaped body.
You can roll at nearby foes to attack.
You have a long armoured tail.
You curl defensively after being hit.


Message History

Your tail-slap misses the steam dragon.
The steam dragon is severely wounded.
The steam dragon bites you but does no damage.
You block the steam dragon's attack.
You hit the steam dragon.
The steam dragon is severely wounded.
The steam dragon breathes steam at you. The ball of steam hits you.
The steam dragon bites you. The steam dragon closely misses you.
You block the steam dragon's attack.
The steam dragon claws you but does no damage.
You barely miss the steam dragon.
Your tail-slap misses the steam dragon.
The steam dragon is severely wounded.
The steam dragon bites you but does no damage.
You block the steam dragon's attack.
You hit the steam dragon but do no damage.
The steam dragon is severely wounded.
You block the steam dragon's attack. The steam dragon barely misses you.
You hit the steam dragon.
Your tail-slap misses the steam dragon.
The steam dragon is almost dead.
You block the steam dragon's attack.
The steam dragon claws you but does no damage.
You block the steam dragon's attack.
The steam dragon claws you but does no damage.
You hit the steam dragon.
The steam dragon is almost dead.
You block the steam dragon's attack. x2
You barely miss the steam dragon.
Your tail-slap misses the steam dragon.
The steam dragon is almost dead.
The steam dragon breathes steam at you. The ball of steam hits you!
* * * LOW HITPOINT WARNING * * *
You barely miss the steam dragon.
Your tail-slap misses the steam dragon.
The steam dragon is almost dead.
The steam dragon breathes steam at you. The ball of steam hits you!
* * * LOW HITPOINT WARNING * * *
The steam dragon breathes steam at you. The ball of steam hits you!
You die...

#.#####.##.##...## #.##.....#
#.##.............# #.###.....
#.##.##.##.......# #.#####.##
#.##....####.....#####.......#
#.......# #............######
######.## ###.########.# #.#
####.#### #.# #(# #....D..#
###.### #.## #...@...# #.....#
#..# #..§§...# #.###.## ##.#
#.§.....# #...._.# #.#
#.......# #..##†.# #.#
#.....).# #..###.# #.#
#.......# ##.###.#
#.########### #.^...#
#.......# ###.### #..#)...####
#.#


You could see a steam dragon (catching breath).

Vanquished Creatures
  Edmund (D:4)
  2 centaurs (D:5)
  A phantom (D:5)
  A gnoll sergeant (D:5)
  An orc priest (D:4)
  2 bullfrog skeletons
  A jelly (D:4)
  2 orc wizards
  An iguana (D:5)
  2 hound skeletons
  9 mummies
  4 gnolls
  10 adders
  An ufetubus (D:3)
  An adder skeleton (D:4)
  2 worms
  A dart slug (D:4)
  10 orcs
  2 endoplasms
  2 giant cockroaches
  8 goblins
  8 hobgoblins
  4 jackals (D:1)
  6 kobolds
  A quokka (D:5)
  4 ball pythons
  6 bats
  4 frilled lizards
  A gnoll zombie (Ossuary)
  3 hobgoblin zombies (Ossuary)
  A kobold zombie (Ossuary)
  3 orc zombies (Ossuary)
  5 rats
  2 bushes (D:1)
112 creatures vanquished.

Vanquished Creatures (others)
  An adder (D:3)
  A frilled lizard (D:3)
  6 plants (D:1)
8 creatures vanquished.

Grand Total: 120 creatures vanquished

Notes
Turn   | Place    | Note
-------+----------+-------------------------------------------
     0 | D:1      | ZARRMARR the Palentonga Fighter began the quest for the
                  | Orb.
     0 | D:1      | Reached XP level 1. HP: 19/19 MP: 1/1
   489 | D:1      | Reached XP level 2. HP: 21/25 MP: 2/2
  1031 | D:1      | HP: 1/25 [gnoll (8)]
  1033 | D:1      | Reached XP level 3. HP: 1/31 MP: 3/3
  1769 | D:1      | Found Doir's General Store.
  2192 | D:2      | Reached XP level 4. HP: 17/37 MP: 4/4
  3175 | D:2      | Reached skill level 3 in Maces & Flails
  3505 | D:1      | Bought a scroll of identify for 22 gold pieces
  3875 | D:3      | Found a faded altar of an unknown god.
  4516 | D:4      | Reached XP level 5. HP: 43/43 MP: 5/5
  4604 | D:4      | Found an ancient bone altar of Kikubaaqudgha.
  4739 | D:4      | Found a snail-covered altar of Cheibriados.
  5002 | D:4      | Reached skill level 4 in Maces & Flails
  5002 | D:4      | Reached XP level 6. HP: 19/50 MP: 6/6
  5378 | D:4      | Noticed Edmund
  5665 | D:4      | Found an ancient bone altar of Kikubaaqudgha.
  5794 | D:4      | Killed Edmund
  5795 | D:4      | Reached skill level 1 in Dodging
  5924 | D:4      | Found a snail-covered altar of Cheibriados.
  6128 | D:5      | Entered Level 5 of the Dungeon
  6145 | D:5      | Found a sand-covered staircase.
  6182 | Ossuary  | Entered an ossuary
  6438 | Ossuary  | Gained mutation: You curl defensively after being hit.
                  | [Palentonga growth]
  6438 | Ossuary  | Reached XP level 7. HP: 30/56 MP: 7/7
  6939 | D:5      | Reached skill level 5 in Maces & Flails
  7067 | D:5      | Found a bloodstained altar of Trog.
  7962 | D:5      | Found a hide-covered altar of Uskayaw.
  8059 | D:5      | Noticed a steam dragon
  8080 | D:5      | HP: 1/58 [steam dragon/ball of steam (10)]
  8080 | D:5      | Killed from afar by a steam dragon

Illustrated notes

Levels and vault maps discovered:
D:1:      dpeg_arrival_line_fractal, layout_loops_ring, serial_shops,
          nicolae_shop_stone, serial_forest, infiniplex_forest_lined_3,
          infiniplex_forest_clump_diagonal, infiniplex_forest_end_1,
          infiniplex_forest_lined_2, infiniplex_forest_end_1,
          infiniplex_forest_end_2
D:2:      layout_loops_ring, chequers_avenue
D:3:      layout_basic, dreamdust_ecumenical_altar_statues, lemuel_old_faithful
D:4:      layout_basic, mainiacjoe_overflow_concentric_impassable, slow_altar_1,
          uniq_edmund
D:5:      layout_loops_cross, lemuel_doored_altar, overflow_temple_1_default,
          gup_ossuary_entry_pyramid

Skill      XL: |  1  2  3  4  5  6  7 |
---------------+----------------------+-----
Armour         | 3 4 |  4.5
Maces & Flails | 3 4 5 |  5.7
Shields        | 3 |  3.9
Dodging        | 1 |  1.7
Fighting       | 4 |  4.4

Action                   |  1- 3 |  4- 6 |  7- 9 || total
-------------------------+-------+-------+-------++-------
Melee: Flail             |   215 |   201 |   106 ||   522
       Tailslap          |    36 |    20 |    14 ||    70
Throw: Boomerang         |     8 |     4 |       ||    12
       Dart              |       |    22 |     7 ||    29
 Abil: Rolling Charge    |    20 |    19 |    11 ||    50
Evoke: Wand              |       |     8 |       ||     8
  Use: Potion            |     1 |     4 |       ||     5
       Scroll            |       |     7 |     3 ||    10
Armor: Scale mail        |    90 |    77 |    76 ||   243
Dodge: Dodged            |    27 |    38 |    46 ||   111
Block: Kite shield       |    71 |    94 |    79 ||   244
